 Dungeon Crawl Stone Soup version 0.20.0-8-g6b59dc7 (webtiles) character file.

81 Gorglomux the Skirmisher (level 4, -5/35 HPs)
             Began as a Mummy Arcane Marksman on May 30, 2017.
             Killed by divine providence
             ... invoked by an orc priest
              (9 damage)
             ... on level 3 of the Dungeon.
             The game lasted 00:06:43 (3862 turns).

Gorglomux the Skirmisher (Mummy Arcane Marksman)    Turns: 3862, Time: 00:06:44

Health: -5/35      AC:  6    Str: 14    XL:     4   Next: 20%
Magic:  6/6        EV: 10    Int: 12    God:
Gold:   136        SH:  0    Dex: 12    Spells: 2/5 levels left

rFire    . . .     SeeInvis .   Y - +1 club
rCold    + . .     Gourm    .   (no shield)
rNeg     + + +     Faith    .   U - +0 ring mail
rPois    ∞         Spirit   .   Q - +1 hat
rElec    .         Reflect  .   (no cloak)
rCorr    .         Harm     .   (no gloves)
MR       .....                  (no boots)
Stlth    +.........             (no amulet)
Regen    0.2/turn               f - ring of protection from fire
MPRegen  0.1/turn               (no ring)

@: no status effects
A: no food or potions, fire vulnerability, cold resistance 1, negative energy
resistance 3, torment resistance, unbreathing
a: no special abilities


You were on level 3 of the Dungeon.
You were not hungry.

You visited 1 branch of the dungeon, and saw 3 of its levels.

You collected 136 gold pieces.

Inventory:

Hand Weapons
 Y - a +1 club (weapon)
Missiles
 c - 5 javelins (quivered)
 P - 2 tomahawks of dispersal
 Z - 2 throwing nets
Armour
 a - a +0 robe
 Q - a +1 hat (worn)
 U - a +0 ring mail (worn)
Jewellery
 f - a ring of protection from fire (left hand)
Scrolls
 R - a scroll of identify
 X - a scroll of remove curse
Books
 b - a book of Debilitation

   Spells                             Type                      Level
   a - Corona                         Hexes                        1
   b - Slow                           Hexes                        2
   c - Inner Flame                    Hexes/Fire                   3
   d - Portal Projectile              Hexes/Translocation          3
   e - Cause Fear                     Hexes                        4
   f - Leda's Liquefaction            Hexes/Earth                  4


   Skills:
 + Level 3.0 Fighting
 + Level 2.0 Maces & Flails
 - Level 1.5 Throwing
 - Level 1.5 Dodging
 - Level 1.3 Spellcasting
 - Level 2.6 Hexes


You had 2 spell levels left.
You knew the following spells:

 Your Spells              Type           Power        Failure   Level  Hunger
a - Corona                Hex            #......      21%         1    N/A
b - Slow                  Hex            #.......     30%         2    N/A

Dungeon Overview and Level Annotations

Branches:
Dungeon (3/15)

Altars:
Cheibriados
Kikubaaqudgha
Vehumet


Innate Abilities, Weirdness & Mutations

You do not eat or drink.
Your flesh is vulnerable to fire.
You are immune to poison.
Your flesh is cold resistant. (rC+)
You are immune to negative energy. (rN+++)
You are immune to unholy pain and torment.
You can survive without breathing.


Message History

As you read the scroll labeled ZITUM EKEMPEO, it crumbles to dust.
It is a scroll of identify.
You don't have any unidentified items.
R - a scroll of identify The orc hits you but does no damage.
The orc priest completely misses you. The rat barely misses you.
Unknown command.
The rat closely misses you. The orc barely misses you.
Unknown command.
The orc priest looks satisfied for a moment.
The orc hits you with a short sword.
* * * LOW HITPOINT WARNING * * *
The orc wizard mumbles some strange words.
The orc wizard flickers and vanishes!
Deactivating autopickup; reactivate with Ctrl-A.
Unknown command.
The orc priest casts a cantrip, but nothing happens.
The orc priest invokes the aid of Beogh against you.
Beogh smites you!
You die...

#.......###..(...
+.........'.†....
#.......###......
#.......# #......
........########.
#####............
############...#######..
.............#.# #..
#..@# ####.# #.. #..o#
#.. ###.. #or.# #....
#####...#######.# #.##.
#..........).##.# #.##.
#....o.......##.# #.##.
#............##.# #.##.
#............##.# #.##.
#............##.## #.##.


You could see an orc priest, 2 orcs and a rat (inner flame).

Vanquished Creatures
  2 adders
  An ooze (D:1)
  2 worms
  2 dart slugs
  2 leopard geckos
  An orc (D:3)
  3 bats
  3 giant cockroaches
  6 goblins (D:1)
  5 hobgoblins
  2 jackals (D:3)
  4 kobolds
  2 quokkas
  3 frilled lizards
  6 rats
44 creatures vanquished.

Notes
Turn   | Place    | Note
-------+----------+-------------------------------------------
     0 | D:1      | Gorglomux the Mummy Arcane Marksman began the quest for the Orb.
     0 | D:1      | Reached XP level 1. HP: 15/15 MP: 2/2
   355 | D:1      | Reached XP level 2. HP: 17/21 MP: 2/4
   377 | D:1      | Learned a level 2 spell: Slow
   404 | D:1      | You fall through a shaft!
   495 | D:2      | Reached skill level 1 in Maces & Flails
   917 | D:2      | Reached skill level 2 in Fighting
  1115 | D:2      | Found an ancient bone altar of Kikubaaqudgha.
  1413 | D:2      | Found a snail-covered altar of Cheibriados.
  1586 | D:2      | Reached XP level 3. HP: 23/27 MP: 5/5
  3525 | D:3      | Found a radiant altar of Vehumet.
  3540 | D:3      | Reached skill level 3 in Fighting
  3540 | D:3      | Reached XP level 4. HP: 24/35 MP: 2/6
  3862 | D:3      | Killed from afar by an orc priest

Skill      XL: |  1  2  3  4 |
---------------+-------------+-----
Maces & Flails | 1 2 |  2.0
Fighting       | 2 3 |  3.0
Throwing       | |  1.5
Dodging        | |  1.5
Spellcasting   | |  1.3
Hexes          | |  2.6

Action                   |  1- 3 |  4- 6 || total
-------------------------+-------+-------++-------
Melee: Club              |   237 |    37 ||   274
       Unarmed           |     4 |       ||     4
Throw: Javelin           |     6 |       ||     6
 Cast: Corona            |     9 |       ||     9
       Slow              |     8 |       ||     8
  Use: Scroll            |       |     8 ||     8
Armor: Robe              |    20 |       ||    20
       Ring mail         |    62 |    28 ||    90
Dodge: Dodged            |   151 |    37 ||   188
